AoeStats
← Barry McCocnher

Black Forest

510212905Analyzed
2v2 RM · 3d ago on Sep 30, 2026· 41m 40s· 4 players
Game mode
Random Map
Map size
Medium (4 player)
Population
200
Speed
Normal
Resources
Standard
Victory
Conquest
Starting age
Dark Age
Ending age
Imperial Age
RankedLock teamsTeams togetherTeam positionsShared explorationLock speedFull tech treeHidden civsTurbo modeCheats
Victory
Defeat
🇦🇷 Lithuanians · Argentina
762
+14
🇮🇳 Japanese · India
678
+17
🇺🇸 Teutons · United States
841
-21
🇺🇸 Britons · United States
576
-10
rocketnosari
12:45 Loom
16:46 Feudal Age
18:12 Double-Bit Axe
20:41 Wheelbarrow
22:22 Fletching
25:02 Padded Archer Armor
30:30 Castle Age
31:22 Bodkin Arrow
31:43 Leather Archer Armor
32:09 Pikeman
Barry McCocnher
0:27 Loom
12:37 Feudal Age
18:21 Castle Age
16:28 Double-Bit Axe
17:00 Horse Collar
22:49 Wheelbarrow
23:44 Stone Mining
31:44 Imperial Age
28:41 Pikeman
31:26 Hand Cart
33:32 Chemistry
33:04 Cavalier
33:51 Heavy Mounted Crossbowman
35:51 Fletching
36:02 Padded Archer Armor
36:42 Bodkin Arrow
37:38 Leather Archer Armor
41:40 Ballistics
Avicii Enjoyer
10:58 Feudal Age
9:16 Loom
11:32 Double-Bit Axe
11:28 Horse Collar
17:50 Gold Mining
22:43 Castle Age
segundogoyenecheg
5:28 Loom
10:31 Feudal Age
12:20 Double-Bit Axe
19:42 Castle Age
18:42 Horse Collar
22:02 Gold Mining
22:08 Stone Mining
22:45 Husbandry
25:03 Stone Shaft Mining
25:12 Bow Saw
27:03 Scale Barding Armor
28:07 Bloodlines
29:38 Wheelbarrow
29:35 Fortified Wall
30:47 Forging
32:26 Murder Holes
35:59 Imperial Age
35:10 Hand Cart
36:01 Ballistics
37:40 Conscription
37:57 Cavalier
39:21 Iron Casting
39:07 Chain Barding Armor
40:00 Chemistry
39:33 Onager
Connection lost

Rejoining the realm…

Still unreachable

The connection could not be restored.

Session expired

The server has moved on; the page needs a fresh start.